 Seeded DCSS version 0.27.1-34-g3ba077fa99 (webtiles) character file.

Game seed: 17853175367328873602 (custom seed)

2442 pkoi the Carver (level 9, -1/81 HPs)
             Began as a Minotaur Fighter on Jan 22, 2022.
             Was a Believer of Qazlal.
             Slain by a two-headed ogre (20 damage)
             ... on level 6 of the Dungeon.
             The game lasted 00:06:27 (4696 turns).

pkoi the Carver (Minotaur Fighter)                  Turns: 4696, Time: 00:06:28

Health: -1/81      AC: 10    Str: 29    XL:     9   Next: 25%
Magic:  11/12      EV:  9    Int:  5    God:    Qazlal [**....]
Gold:   196        SH: 16    Dex: 15    Spells: 8/8 levels left

rFire    . . .     SeeInvis .   a - +1 long sword (vamp)
rCold    . . .     Faith    .   c - +0 kite shield
rNeg     . . .     Spirit   .   b - +0 scale mail
rPois    +         Reflect  .   (helmet restricted)
rElec    .         Harm     .   (no cloak)
rCorr    .         Rampage  .   (no gloves)
Will     .....                  (no boots)
Stlth    ..........             (no amulet)
HPRegen  0.23/turn              h - ring "Darraff" {Drain rPois AC+4 Dex+4}
MPRegen  0.13/turn              r - +6 ring of strength

@: studying 2 skills
A: horns 2, retaliatory headbutt
a: Renounce Religion, Upheaval


You were on level 6 of the Dungeon.
You worshipped Qazlal.
Qazlal was pleased with you.
You visited 2 branches of the dungeon, and saw 7 of its levels.

You collected 196 gold pieces.

Inventory:

Hand Weapons
 a - a +1 vampiric long sword (weapon)
Missiles
 u - a throwing net (quivered)
Armour
 b - a +0 scale mail (worn)
 c - a +0 kite shield (worn)
Jewellery
 h - the ring "Darraff" (left hand) {Drain rPois AC+4 Dex+4}
   (You acquired it on level 1 of the Dungeon)

   [ring of protection]

   AC:        It affects your AC (+4).
   Dex:       It affects your dexterity (+4).
   rPois:     It protects you from poison.
   Drain:     It drains your maximum health when unequipped.
 r - a +6 ring of strength (right hand)
Wands
 s - a wand of digging (6)
Scrolls
 i - a scroll of holy word
 p - 2 scrolls of magic mapping
Potions
 d - a potion of might
 e - 2 potions of heal wounds {unknown}
 f - 2 potions of flight {unknown}
 g - 3 potions of lignification {unknown}
 j - a potion of cancellation
 k - a potion of ambrosia
 l - a potion of mutation {unknown}
 m - 2 potions of haste {unknown}
 n - 2 potions of brilliance {unknown}
 o - 2 potions of berserk rage {unknown}
 q - a potion of curing {unknown}
 v - a potion of magic {unknown}


   Skills:
 + Level 8.0 Fighting
 + Level 11.7 Long Blades
 - Level 3.6 Armour
 + Level 11.2 Shields
 * Level 5.3 Invocations


You had 8 spell levels left.
You didn't know any spells.
Your spell library contained the following spells:

 Spells                   Type           Power      Damage    Failure   Level
 Gell's Gravitas          Tloc           0%         N/A       99%         3
 Lesser Beckoning         Tloc           0%         N/A       99%         3
 Ozocubu's Armour         Ice            0%         N/A       99%         3
 Teleport Other           Tloc           0%         N/A       99%         3
 Ozocubu's Refrigeration  Ice            0%         4d5       100%        7


Dungeon Overview and Level Annotations

Branches:
Dungeon (6/15)             Temple (1/1) D:5

Altars:
Ashenzari
Cheibriados
Dithmenos
Elyvilon
Fedhas
Gozag
Kikubaaqudgha
Makhleb
Nemelex Xobeh
Okawaru
Qazlal
Ru
Sif Muna
Trog
Uskayaw
Vehumet
Wu Jian
Xom
Yredelemnul
The Shining One

Shops:
D:1 (=[[   D:3 [

Portals:
Abyss: D:5

Annotations:
D:5 2 transporters, cbfl8's ghost, novice MiWn
D:6 Pikel


Innate Abilities, Weirdness & Mutations

You have a pair of horns on your head.
You reflexively headbutt those who attack you in melee.


Message History

You headbutt the centaur zombie.
The centaur zombie is severely damaged.
You block the centaur zombie's attack.
The centaur zombie kicks you but does no damage.
You slash the centaur zombie!
You destroy the centaur zombie!
Qazlal accepts your kill.
You slash the two-headed ogre!
You feel better.
The two-headed ogre is moderately wounded.
The two-headed ogre hits you with a +0 giant club!!
The two-headed ogre hits you with a +0 giant club!
You are too injured to fight recklessly!
You are too injured to fight recklessly!
You are too injured to fight recklessly!
You are too injured to fight recklessly!
You are too injured to fight recklessly!
You are too injured to fight recklessly!
You are too injured to fight recklessly!
You are too injured to fight recklessly!
You are too injured to fight recklessly!
You are too injured to fight recklessly!
You are too injured to fight recklessly!
You are too injured to fight recklessly!
Unknown command.
You slash the two-headed ogre!
You feel better.
You headbutt the two-headed ogre.
The two-headed ogre is heavily wounded.
You closely miss the two-headed ogre.
The two-headed ogre is heavily wounded.
You block the two-headed ogre's attack.
The two-headed ogre hits you with a +0 giant club!
* * * LOW HITPOINT WARNING * * *
Your shield and scale mail prevent you from hitting the two-headed ogre.
You headbutt the two-headed ogre!
The two-headed ogre is severely wounded.
The iguana bites you but does no damage.
The two-headed ogre hits you with a +0 giant club!!
* * * LOW HITPOINT WARNING * * *
The two-headed ogre hits you with a +0 giant club!!
You die...

#.##..# ##.## #.
#.##..# #.#
#.##.## #.# #.#..#
.. #....# . #....#
### #....# ...#
##..## ###..##
##....####@O...#.
#........○☼l.....#
###.......###...##
###....## #...
###### ##


You could see a two-headed ogre and an iguana.

Vanquished Creatures
  6 yaks (D:5)
  A water moccasin (D:6)
  An ice beast (D:6)
  A sky beast (D:6)
  2 ogres (D:5)
  A centaur (D:5)
  A lemure (D:5)
  A gnoll sergeant (D:6)
  3 scorpions
  A water moccasin skeleton (D:4)
  A crimson imp (D:4)
  2 centaur zombies
  A hound (D:5)
  A bullfrog skeleton (D:6)
  3 iguanas
  Jessica (D:3)
  Terence (D:3)
  Natasha (thrice) (D:2)
  An orc wizard (D:3)
  3 hound skeletons
  Robin (D:3)
  6 adders
  9 gnolls
  3 white imps
  3 ufetubi
  2 worms
  The ghost of cbfl8 the Sneak, a weakling MiDe (D:3)
  2 dart slugs (D:1)
  6 orcs
  3 endoplasms
  3 giant cockroaches
  12 goblins
  14 hobgoblins
  2 jackals (D:5)
  5 quokkas
  11 ball pythons
  3 bats
  4 frilled lizards
  10 kobolds
  6 rats
141 creatures vanquished.

Notes
Turn   | Place    | Note
-------+----------+-------------------------------------------
     0 | D:1      | pkoi the Minotaur Fighter began the quest for the Orb.
     0 | D:1      | Reached XP level 1. HP: 19/19 MP: 0/0
     6 | D:1      | Found Ymiphipywn's Antique Armour Shoppe.
    30 | D:1      | Found a faded altar of an unknown god.
   101 | D:1      | Reached XP level 2. HP: 25/26 MP: 1/1
   119 | D:1      | Identified a scroll of acquirement
   119 | D:1      | Acquired the ring "Darraff" {Drain rPois AC+4 Dex+4}
   183 | D:1      | Found Edghybrae's Jewellery Shoppe.
   207 | D:1      | Found Lisolata's Antique Armour Shoppe.
   341 | D:1      | Found Jipnam's Antique Weapon Shoppe.
   405 | D:1      | Reached XP level 3. HP: 18/31 MP: 2/2
   629 | D:1      | Reached XP level 4. HP: 39/39 MP: 3/3
   787 | D:2      | Noticed Natasha
   794 | D:2      | Killed Natasha
   795 | D:2      | Reached skill level 10 in Shields
  1055 | D:2      | Noticed Natasha
  1067 | D:2      | Killed Natasha
  1068 | D:2      | Reached XP level 5. HP: 21/45 MP: 4/4
  1460 | D:2      | Noticed Natasha
  1465 | D:2      | Killed Natasha
  1587 | D:2      | Found an ancient bone altar of Kikubaaqudgha.
  1601 | D:2      | Acquired a manual of Fighting
  1725 | D:3      | Noticed Jessica
  1731 | D:3      | Killed Jessica
  1793 | D:3      | Found a runed translucent door.
  1793 | D:3      | Noticed cbfl8's ghost (weakling MiDe)
  1824 | D:3      | Noticed Terence
  1834 | D:3      | Killed Terence
  1861 | D:3      | Found Laukhlesu's Armour Emporium.
  1870 | D:3      | Found a stormy altar of Qazlal.
  1876 | D:3      | Became a worshipper of Qazlal Stormbringer
  1898 | D:3      | Reached XP level 6. HP: 41/52 MP: 5/5
  2043 | D:3      | Acquired a manual of Long Blades
  2053 | D:3      | Found a blossoming altar of Fedhas.
  2101 | D:3      | Noticed Robin
  2113 | D:3      | Killed Robin
  2456 | D:3      | Reached skill level 10 in Long Blades
  2459 | D:3      | Killed cbfl8's ghost
  2459 | D:3      | Reached * piety under Qazlal
  2904 | D:4      | Reached skill level 1 in Invocations
  3175 | D:4      | Reached skill level 5 in Fighting
  3175 | D:4      | Reached XP level 7. HP: 59/61 MP: 5/7
  3377 | D:5      | Entered Level 5 of the Dungeon
  3418 | D:5      | Found a staircase to the Ecumenical Temple.
  3427 | D:5      | Found a basalt altar of Yredelemnul.
  3446 | Temple   | Entered the Ecumenical Temple
  3793 | D:5      | Found a transporter.
  3794 | D:5      | Noticed cbfl8's ghost (novice MiWn)
  3805 | D:5      | Noticed a yak
  3805 | D:5      | Noticed a yak
  3806 | D:5      | Noticed a yak
  3806 | D:5      | Noticed a yak
  3807 | D:5      | Noticed a yak
  3833 | D:5      | Noticed a yak
  3838 | D:5      | Killed a yak
  3838 | D:5      | Reached ** piety under Qazlal
  3839 | D:5      | Reached XP level 8. HP: 62/70 MP: 9/9
  3875 | D:5      | Found a transporter.
  3885 | D:5      | Found a one-way gate to the infinite horrors of the Abyss.
  4128 | D:5      | Reached XP level 9. HP: 47/79 MP: 11/11
  4265 | D:6      | Reached skill level 5 in Invocations
  4348 | D:6      | Noticed Pikel
  4563 | D:6      | Found a shimmering altar of Xom.
  4688 | D:6      | Noticed a two-headed ogre
  4696 | D:6      | Slain by a two-headed ogre

Illustrated notes

Levels and vault maps discovered:
D:1:      psy_arrival_basics, layout_rooms, hellmonk_ecumenical_altar_run_dry,
          serial_shops, nicolae_lakefront_shop, shop, shop, shop
D:2:      minmay_chambers_of_twos, layout_basic, basic_altar,
          hangedman_decor_growths, uniq_natasha
D:3:      layout_rooms, mainiacjoe_overflow_brackets, general_overflow_altar,
          serial_shops, nicolae_shop_crystal, ebering_ghost_inner_flame,
          uniq_jessica, uniq_robin, uniq_terence
D:4:      layout_loops_ring, minmay_fire_ice_demons
D:5:      layout_rooms, overflow_temple_1_default,
          minmay_temple_entry_butterflies, gammafunk_ghost_abyssal_escape
D:6:      lemuel_slime, layout_layer_cave, mainiacjoe_overflow_catwalk,
          minmay_between, uniq_pikel
Temple:   eino_temple_rhombus

Skill      XL: |  1  2  3  4  5  6  7  8  9 |
---------------+----------------------------+-----
Long Blades    | 3 9 10 11 | 11.7
Shields        | 4 9 10 11 | 11.2
Fighting       | 4 5 6 7 8 |  8.0
Invocations    | 1 3 4 5 |  5.3
Armour         | |  3.6

Action                   |  1- 3 |  4- 6 |  7- 9 || total
-------------------------+-------+-------+-------++-------
Melee: Long sword        |    42 |   184 |   149 ||   375
       Headbutt          |     5 |    33 |    50 ||    88
  Use: Scroll            |     2 |     8 |     3 ||    13
       Potion            |     1 |       |       ||     1
Armor: Scale mail        |    17 |    36 |    34 ||    87
Dodge: Dodged            |    15 |    49 |    28 ||    92
Block: Kite shield       |    25 |   128 |   103 ||   256
       Rpst.: Long sword |     3 |    10 |     5 ||    18
